 Dungeon Crawl Stone Soup version 0.28.0-53-g5a82cb258f (webtiles) character file.

Game seed: 7259506479031573772

160 KittyFluff the Cudgeller (level 5, -1/49 HPs)
             Began as a Gargoyle Berserker on June 14, 2022.
             Was a Believer of Trog.
             Slain by a shadow imp (3 damage)
             ... summoned by Natasha
             ... on level 2 of the Dungeon.
             The game lasted 00:09:44 (2651 turns).

KittyFluff the Cudgeller (Gargoyle Berserker)       Turns: 2651, Time: 00:09:44

Health: -1/49      AC:  7    Str: 20    XL:     5   Next: 41%
Magic:  5/5        EV: 12    Int:  8    God:    Trog [**....]
Gold:   57         SH:  0    Dex: 11    Spells: 4/4 levels left

rFire   . . .      SeeInvis .   d - +0 whip (vamp)
rCold   . . .      Faith    .   (no shield)
rNeg    + . .      Spirit   .   c - +0 robe
rPois   ∞          Reflect  .   h - +0 helmet
rElec   +          Harm     .   (no cloak)
rCorr   .          Rampage  .   (no gloves)
Will    .....                   (no boots)
Stlth   ..........              (no amulet)
HPRegen 0.16/turn               (no ring)
MPRegen 0.09/turn               (no ring)

@: berserking, slowed
A: sickness immunity, AC +4, negative energy resistance 1, electricity
resistance, torment resistance 1, petrification resistance
a: Renounce Religion, Berserk, Trog's Hand


You were on level 2 of the Dungeon.
You worshipped Trog.
Trog was pleased with you.
You visited 1 branch of the dungeon, and saw 2 of its levels.

You collected 57 gold pieces.

Inventory:

Hand Weapons
 a - a +0 mace
 d - a +0 vampiric whip (weapon)
 m - a +0 halberd
Missiles
 g - a throwing net (quivered)
 i - 17 sling bullets
 k - 12 poisoned darts
 n - 10 bolts
Armour
 c - a +0 robe (worn)
 f - a +0 leather armour
 h - a +0 helmet (worn)
Magical Staves
 l - a staff of fire
Scrolls
 b - a scroll of fear {unknown}
 j - a scroll of identify {unknown}
Potions
 e - 2 potions of attraction {unknown}


   Skills:
 + Level 4.2 Fighting
 + Level 4.6 Maces & Flails
 * Level 3.0 Armour
 + Level 2.0 Dodging
 + Level 0.7 Stealth


You had 4 spell levels left.
You didn't know any spells.
Your spell library was empty.

Dungeon Overview and Level Annotations

Branches:
Dungeon (2/15)

Altars:

Annotations:
D:2 Natasha


Innate Abilities, Weirdness & Mutations

You are immune to sickness and miasma.
Your stone body is resilient. (AC +4)
You are immune to poison.
You resist negative energy. (rN+)
You are resistant to electric shocks. (rElec)
You are resistant to unholy torment.
You are immune to petrification.


Message History

Natasha zaps a wand.
The puff of flame hits you!
Natasha wildly gestures.
Natasha's front paws start to glow.
Natasha zaps a wand.
The puff of flame misses you.
Natasha mumbles some strange words.
Natasha glows brightly for a moment.
Natasha zaps a wand.
The puff of flame hits you. Natasha casts a spell at you.
You feel yourself slow down.
Natasha stares at you and mumbles some strange words.
The magic dart hits you.
Natasha mumbles some strange words.
The shadow imp misses you.
You hit the shadow imp.
The shadow imp is moderately wounded.
The shadow imp hits you. Natasha misses you.
You whack the shadow imp!
The shadow imp is almost dead.
The shadow imp misses you.
Natasha stares at you and mumbles some strange words.
You feel as though you will be slow longer.
The shadow imp gestures at you. Pain shoots through your body!
You hit Natasha.
You feel better.
Natasha is heavily wounded.
Natasha stares at you and mumbles some strange words.
The magic dart hits you.
* * * LOW HITPOINT WARNING * * *
The shadow imp closely misses you. Natasha claws you.
* * * LOW HITPOINT WARNING * * *
A red film seems to cover your vision as you go berserk!
You feel yourself moving faster!
You feel mighty! The shadow imp gestures at you. Pain shoots through your body!
* * * LOW HITPOINT WARNING * * *
Natasha hisses.
Natasha zaps a wand.
The puff of flame hits you.
* * * LOW HITPOINT WARNING * * *
The shadow imp hits you.
You die...

................#.##...)....#
.####.###########.##........# .#
#.###########.##..[.....#####
.####............................
......#...............###########
......................########.[.
####>.#...........#...##.....'...
#................#......#####...
#.#..#.........@........#.. +...
#.#..#........h5##..#...#.###...
#.#..#..........##..............
#.#..#.#####.....#.#...##.######
#.#..#.# #.....#.#...##.#
#.#..#)# #.....#.######.#
#.#>.#.# #.....#.# #.#
#.#..#.#####.....#.# #.#
#.####.....'.....'.# #.#


You could see Natasha and a shadow imp (summoned).

Vanquished Creatures
  Terence (D:2)
  Natasha (twice) (D:2)
  Robin (D:1)
  A worm (D:2)
  4 dart slugs
  4 ball pythons
  6 endoplasms
  3 giant cockroaches
  12 goblins
  9 hobgoblins
  A quokka (D:1)
  2 bats (D:1)
  6 frilled lizards
  5 kobolds
  7 rats (D:1)
64 creatures vanquished.

Notes
Turn   | Place    | Note
-------+----------+-------------------------------------------
     0 | D:1      | KittyFluff the Gargoyle Berserker began the quest for the
                  | Orb.
     0 | D:1      | Reached XP level 1. HP: 14/14 MP: 1/1
   156 | D:1      | Reached XP level 2. HP: 12/19 MP: 2/2
   353 | D:1      | Reached XP level 3. HP: 20/24 MP: 3/3
   400 | D:1      | Reached ** piety under Trog
   841 | D:2      | Noticed Robin
   889 | D:1      | Killed Robin
   890 | D:1      | Reached XP level 4. HP: 19/29 MP: 4/4
  1353 | D:2      | Noticed Natasha
  1497 | D:2      | Killed Natasha
  1912 | D:2      | Noticed Terence
  1924 | D:2      | Killed Terence
  1925 | D:2      | Reached XP level 5. HP: 33/33 MP: 5/5
  2180 | D:2      | Noticed Natasha
  2191 | D:2      | Killed Natasha
  2639 | D:2      | Noticed Natasha
  2651 | D:2      | HP: 2/49 [Natasha/puff of flame (4)]
  2651 | D:2      | Slain by a shadow imp

Illustrated notes

Levels and vault maps discovered:
D:1:      dpeg_arrival_subterranean_lakeside_camping, layout_basic,
          minmay_cut_off
D:2:      layout_basic, uniq_terence, uniq_robin, uniq_natasha

Skill      XL: |  1  2  3  4  5 |
---------------+----------------+-----
Maces & Flails | 4 |  4.6
Fighting       | 4 |  4.2
Dodging        | 2 |  2.0
Armour         | 3 |  3.0
Stealth        | |  0.7

Action                   |  1- 3 |  4- 6 || total
-------------------------+-------+-------++-------
Melee: Mace              |    36 |       ||    36
       Whip              |    80 |    82 ||   162
       Punch             |       |     1 ||     1
Invok: Berserk           |     2 |     2 ||     4
 Stab: Sleeping          |     1 |       ||     1
Armor: Robe              |    46 |    23 ||    69
Dodge: Dodged            |    67 |    46 ||   113
